 Dungeon Crawl Stone Soup version 0.21-a0-552-g593960d (webtiles) character file.

523 tidbits the Grave Robber (level 7, -1/50 HPs)
             Began as a Gnoll Necromancer on Dec 17, 2017.
             Was an Initiate of Cheibriados.
             Slain by an orc warrior
             ... wielding a +0 short sword
              (11 damage)
             ... on level 7 of the Dungeon.
             The game lasted 00:16:11 (2065 turns).

tidbits the Grave Robber (Gnoll Necromancer)        Turns: 2065, Time: 00:16:11

Health: -1/50      AC:  3    Str: 12    XL:     7   Next: 22%
Magic:  5/15       EV: 15    Int: 20    God:    Cheibriados [......]
Gold:   38         SH:  0    Dex: 16    Spells: 5/17 levels left

rFire    . . .     SeeInvis .   a - +2 dagger (holy)
rCold    . . .     Gourm    .   (no shield)
rNeg     . . .     Faith    .   d - +0 robe
rPois    .         Spirit   .   E - +0 helmet
rElec    .         Reflect  .   (no cloak)
rCorr    .         Harm     .   (no gloves)
MR       .....                  (no boots)
Stlth    +++.......             (no amulet)
HPRegen  0.16/turn              (no ring)
MPRegen  0.14/turn              (no ring)

@: very slow
A: distributed training, fangs 1, strong nose
a: Bend Time, Renounce Religion


You were on level 7 of the Dungeon.
You worshipped Cheibriados.
Cheibriados was noncommittal.
You were not hungry.

You visited 2 branches of the dungeon, and saw 9 of its levels.

You collected 150 gold pieces.
You spent 112 gold pieces at shops.

Inventory:

Hand Weapons
 a - a +2 dagger of holy wrath (weapon)
   (You took it off an orc wizard on level 6 of the Dungeon)
 h - a +0 short sword
 k - the +2 spear of Watchfulness {antimagic, rElec}
   (You found it on level 5 of the Dungeon)

   It reduces the magical energy of the wielder, and disrupts the spells and
   magical abilities of those hit.
   Natural abilities and divine invocations are not affected.
   It insulates you from electricity.
 o - a +0 dagger
 r - a +0 hunting sling
 u - a +0 falchion
 F - a +2 dagger of speed
   (You took it off a kobold on level 2 of the Dungeon)
Missiles
 f - 5 curare-tipped needles
 g - 125 stones (quivered)
 q - 44 arrows
 H - 6 tomahawks
Armour
 d - a +0 robe (worn)
 j - a +0 large shield
 E - a +0 helmet (worn)
Scrolls
 e - 2 scrolls of enchant armour {unknown}
 i - a scroll of random uselessness {unknown}
 s - a scroll of noise {unknown}
 t - a scroll of enchant weapon {unknown}
 v - 2 scrolls of fear {unknown}
 w - 2 scrolls of immolation {unknown}
 y - a scroll of fog
 B - 3 scrolls of teleportation
 D - a scroll of blinking
 G - a scroll of summoning {unknown}
Potions
 l - 2 potions of might
 m - a potion of degeneration {unknown}
 n - 3 potions of mutation {unknown}
 x - a potion of ambrosia {unknown}
 z - 2 potions of heal wounds
 A - a potion of haste
 C - a potion of curing
Books
 c - a book of Necromancy

   Spells                             Type                      Level
   a - Pain                           Necromancy                   1
   b - Animate Skeleton               Necromancy                   1
   c - Vampiric Draining              Necromancy                   3
   d - Regeneration                   Charms/Necromancy            3
   e - Animate Dead                   Necromancy                   4
   f - Control Undead                 Necromancy                   4
Comestibles
 b - 2 bread rations
 p - a meat ration
 I - 2 chunks of flesh


   Skills:
 + Level 2.3 Fighting
 + Level 2.3 Short Blades
 + Level 2.3 Long Blades
 + Level 2.3 Axes
 + Level 2.3 Maces & Flails
 + Level 2.3 Polearms
 + Level 2.3 Staves
 + Level 2.3 Slings
 + Level 2.3 Bows
 + Level 2.3 Crossbows
 + Level 2.3 Throwing
 + Level 2.3 Armour
 + Level 5.1 Dodging
 + Level 4.8 Stealth
 + Level 2.3 Shields
 + Level 2.3 Unarmed Combat
 + Level 5.5 Spellcasting
 + Level 1.8 Conjurations
 + Level 1.8 Hexes
 + Level 1.8 Charms
 + Level 1.8 Summonings
 + Level 7.3 Necromancy
 + Level 1.8 Translocations
 + Level 1.8 Transmutations
 + Level 1.8 Fire Magic
 + Level 1.8 Ice Magic
 + Level 1.8 Air Magic
 + Level 1.8 Earth Magic
 + Level 1.8 Poison Magic
 + Level 2.5 Invocations
 + Level 2.3 Evocations


You had 5 spell levels left.
You knew the following spells:

 Your Spells              Type           Power        Failure   Level  Hunger
a - Pain                  Necr           ####         1%          1    None
n - Animate Skeleton      Necr           N/A          1%          1    None
r - Regeneration          Chrm/Necr      ###.......   4%          3    ##.....
u - Control Undead        Necr           #####.....   5%          4    ####...
v - Vampiric Draining     Necr           #####.....   1%          3    ##.....


Dungeon Overview and Level Annotations

Branches:
Dungeon (8/15)             Temple (1/1) D:5
   Lair: D:8-11

Altars:
Ashenzari
Cheibriados
Dithmenos
Elyvilon
Fedhas
Gozag
Hepliaklqana
Kikubaaqudgha
Makhleb
Nemelex Xobeh
Okawaru
Qazlal
Ru
Sif Muna
Trog
Uskayaw
Vehumet
Wu Jian
Xom
Yredelemnul
Zin
The Shining One

Shops:
D:6 !

Annotations:
D:8 Megalobster's ghost, novice DEFE


Innate Abilities, Weirdness & Mutations

Your experience applies equally to all skills.
You have very sharp teeth.
Your uncanny sense of smell can sniff out nearby items.


Message History

The shadow imp hits you.
Your adder skeleton closely misses the shadow imp.
You hit the shadow imp.
The shadow imp convulses.
You bite the shadow imp, but do no damage.
The shadow imp is severely wounded.
The shadow imp barely misses you.
Your adder skeleton misses the shadow imp.
You hit the shadow imp.
The shadow imp convulses.
The shadow imp is almost dead.
The shadow imp misses you.
Your adder skeleton barely misses the shadow imp.
You hit the shadow imp.
You kill the shadow imp!
Cheibriados appreciates the change of pace.
I - 2 chunks of flesh You see here a scroll labeled OTEGRUAFAB.
You swap places.
You see here a scroll labeled OTEGRUAFAB.
v - 2 scrolls labeled OTEGRUAFAB (gained 1)
You swap places. 2 orcs come into view.
Casting: Animate Skeleton
Confirm with . or Enter, or press ? or * to list all spells.
Aiming: Pain
Press: ? - help, Shift-Dir - straight line, f - orc
Aim: an orc, wielding a flail (chance to defeat MR: 93%)
The orc writhes in agony!
You kill the orc!
Cheibriados appreciates the change of pace.
Casting: Pain
Confirm with . or Enter, or press ? or * to list all spells.
Aiming: Pain
Press: ? - help, Shift-Dir - straight line, f - orc
Aim: an orc, wielding a short sword (chance to defeat MR: 93%)
The orc writhes in agony!
Casting: Pain
Confirm with . or Enter, or press ? or * to list all spells.
Aiming: Pain
Press: ? - help, Shift-Dir - straight line, f/p - orc
Aim: an orc, wielding a short sword (heavily wounded, chance to defeat MR: 93%)
The orc writhes in agony!
You kill the orc!
Cheibriados appreciates the change of pace.
An orc warrior comes into view. It is wielding a short sword.
An orc comes into view. It is wielding a morningstar.
You see here a short sword.
Casting: Pain
Confirm with . or Enter, or press ? or * to list all spells.
Aiming: Pain
Press: ? - help, Shift-Dir - straight line, f - orc warrior
Aim: an orc warrior, wielding a short sword and wearing a plate armour (resting, chance to defeat MR: 84%)
The orc warrior shouts!
The orc warrior writhes in agony!
You hear a shout!
Casting: Pain
Confirm with . or Enter, or press ? or * to list all spells.
Aiming: Pain
Press: ? - help, Shift-Dir - straight line, f/p - orc warrior
Aim: an orc warrior, wielding a short sword and wearing a plate armour (moderately wounded, chance to defeat MR: 84%)
The orc warrior barely resists.
An orc priest comes into view.
Unknown command.
You aren't carrying any items that you can evoke without wielding.
Unknown command.
Casting: Pain
Confirm with . or Enter, or press ? or * to list all spells.
Aiming: Pain
Press: ? - help, Shift-Dir - straight line, f/p - orc warrior
Aim: an orc warrior, wielding a short sword and wearing a plate armour (moderately wounded, chance to defeat MR: 84%)
The orc warrior writhes in agony!
Casting: Pain
Confirm with . or Enter, or press ? or * to list all spells.
Aiming: Pain
Press: ? - help, Shift-Dir - straight line, f/p - orc warrior
Aim: an orc warrior, wielding a short sword and wearing a plate armour (heavily wounded, chance to defeat MR: 84%)
The orc warrior writhes in agony!
Casting: Pain
Confirm with . or Enter, or press ? or * to list all spells.
Aiming: Vampiric Draining
Press: ? - help, Shift-Dir - straight line, f/p - orc warrior
Aim: an orc warrior, wielding a short sword and wearing a plate armour (heavily wounded)
The orc warrior is heavily wounded.
You feel life coursing into your body.
The orc warrior hits you with a short sword!
* * * LOW HITPOINT WARNING * * *
Your adder skeleton barely misses the orc warrior.
The orc priest invokes the aid of Beogh against you.
Beogh smites you!
* * * LOW HITPOINT WARNING * * *
You hear two shouts!
Your adder skeleton bites the orc warrior but does no damage.
A two-headed ogre comes into view. It is wielding two giant clubs.
Your adder skeleton barely misses the orc warrior.
The orc closely misses your adder skeleton.
Your adder skeleton bites the orc warrior.
Your adder skeleton barely misses the orc warrior.
The orc priest hits your adder skeleton.
The orc barely misses your adder skeleton.
The orc warrior hits you with a short sword!
You die...

#..##.........##
#. ..##
#..........# #
..# ##........##
..# #.......##
.# #......##
#.....## #....##
#...## #@###
#o## #Z.# #..#
#oo# #..# #O)#
#.)# #..#


You could see a two-headed ogre, an orc warrior, an orc priest, an orc and a
friendly adder skeleton.

Vanquished Creatures
  A black bear (D:6)
  A bullfrog (D:6)
  A scorpion (D:4)
  2 hounds
  An orc wizard (D:6)
  2 worker ants (D:5)
  A hound skeleton (D:4)
  8 adders
  A shadow imp (D:7)
  A worm (D:3)
  5 dart slugs
  A leopard gecko (D:4)
  14 orcs
  2 ball pythons
  3 giant cockroaches
  5 goblins
  6 hobgoblins
  2 jackals (D:3)
  2 quokkas
  4 bats
  4 frilled lizards
  7 kobolds
  A quokka skeleton (D:5)
  6 rats
81 creatures vanquished.

Notes
Turn   | Place    | Note
-------+----------+-------------------------------------------
     0 | D:1      | tidbits the Gnoll Necromancer began the quest for the Orb.
     0 | D:1      | Reached XP level 1. HP: 13/13 MP: 6/6
   133 | D:1      | HP: 1/13 [goblin/club (7)]
   138 | D:2      | Reached XP level 2. HP: 1/19 MP: 3/7
   141 | D:2      | Learned a level 1 spell: Animate Skeleton
   427 | D:1      | Reached XP level 3. HP: 2/25 MP: 3/9
   494 | D:1      | Reached skill level 5 in Spellcasting
   536 | D:1      | HP: 2/25 [dart slug/slug dart (4)]
   579 | D:1      | Learned a level 3 spell: Regeneration
   585 | D:1      | Learned a level 3 spell: Vampiric Draining
   591 | D:1      | You fall through a shaft!
   621 | D:2      | Reached skill level 1 in Invocations
   656 | D:2      | Reached skill level 1 in Fighting
   656 | D:2      | Reached skill level 1 in Short Blades
   656 | D:2      | Reached skill level 1 in Long Blades
   656 | D:2      | Reached skill level 1 in Axes
   656 | D:2      | Reached skill level 1 in Maces & Flails
   656 | D:2      | Reached skill level 1 in Polearms
   656 | D:2      | Reached skill level 1 in Staves
   656 | D:2      | Reached skill level 1 in Slings
   656 | D:2      | Reached skill level 1 in Bows
   656 | D:2      | Reached skill level 1 in Crossbows
   656 | D:2      | Reached skill level 1 in Throwing
   656 | D:2      | Reached skill level 1 in Armour
   656 | D:2      | Reached skill level 1 in Shields
   656 | D:2      | Reached skill level 1 in Unarmed Combat
   656 | D:2      | Reached skill level 1 in Evocations
   677 | D:2      | Reached XP level 4. HP: 26/32 MP: 7/11
   896 | D:3      | Reached skill level 1 in Conjurations
   896 | D:3      | Reached skill level 1 in Hexes
   896 | D:3      | Reached skill level 1 in Charms
   896 | D:3      | Reached skill level 1 in Summonings
   896 | D:3      | Reached skill level 1 in Translocations
   896 | D:3      | Reached skill level 1 in Transmutations
   896 | D:3      | Reached skill level 1 in Fire Magic
   896 | D:3      | Reached skill level 1 in Ice Magic
   896 | D:3      | Reached skill level 1 in Air Magic
   896 | D:3      | Reached skill level 1 in Earth Magic
   896 | D:3      | Reached skill level 1 in Poison Magic
  1023 | D:3      | Reached XP level 5. HP: 24/37 MP: 5/12
  1087 | D:5      | Entered Level 5 of the Dungeon
  1279 | D:4      | Reached XP level 6. HP: 13/44 MP: 2/13
  1285 | D:4      | Reached skill level 2 in Invocations
  1441 | D:5      | Learned a level 4 spell: Control Undead
  1448 | D:5      | Got a jewelled spear
  1453 | D:5      | Identified the +2 spear of Watchfulness {antimagic, rElec} (You found it on level 5 of the Dungeon)
  1506 | D:5      | Found a staircase to the Ecumenical Temple.
  1515 | Temple   | Entered the Ecumenical Temple
  1554 | Temple   | Became a worshipper of Cheibriados the Contemplative
  1772 | D:6      | Reached skill level 5 in Dodging
  1813 | D:6      | Noticed a black bear
  1822 | D:6      | Killed a black bear
  1822 | D:6      | Reached skill level 2 in Fighting
  1822 | D:6      | Reached skill level 2 in Short Blades
  1822 | D:6      | Reached skill level 2 in Long Blades
  1822 | D:6      | Reached skill level 2 in Axes
  1822 | D:6      | Reached skill level 2 in Maces & Flails
  1822 | D:6      | Reached skill level 2 in Polearms
  1822 | D:6      | Reached skill level 2 in Staves
  1822 | D:6      | Reached skill level 2 in Slings
  1822 | D:6      | Reached skill level 2 in Bows
  1822 | D:6      | Reached skill level 2 in Crossbows
  1822 | D:6      | Reached skill level 2 in Throwing
  1822 | D:6      | Reached skill level 2 in Armour
  1822 | D:6      | Reached skill level 2 in Shields
  1822 | D:6      | Reached skill level 2 in Unarmed Combat
  1822 | D:6      | Reached skill level 2 in Evocations
  1850 | D:6      | Found Hilar's Distillery.
  1859 | D:6      | Reached XP level 7. HP: 26/50 MP: 0/15
  1862 | D:6      | Bought a potion of lignification for 42 gold pieces
  1862 | D:6      | Bought a potion of heal wounds for 70 gold pieces
  1920 | D:6      | Found a glowing golden altar of the Shining One.
  1995 | D:8      | Noticed Megalobster's ghost (novice DEFE)
  2062 | D:7      | Noticed a two-headed ogre
  2065 | D:7      | Slain by an orc warrior

Vault maps used:
D:1:      lemuel_arrival_tunnels
D:2:      kennysheep_generic_room_12
D:3:      minmay_misc_feat_nine_boxes, minmay_misc_feat_pillars
D:4:      minmay_goblin_kobold_castle, first_bread, led_sif_pool
D:5:      minmay_temple_entry_nine_rooms, supply_closet_lemuel,
          cheibriados_altar_1
D:6:      lemuel_crystal_altar, serial_shops, shop, grunt_ministairs_15,
          kennysheep_generic_room_15
D:7:      serial_shops, nicolae_shop_temple_entry_statues_fountains,
          hangedman_decor_clover_reticule, uniq_pikel
D:8:      uniq_grum
Temple:   kilobyte_greek_temple

Skill      XL: |  1  2  3  4  5  6 |
---------------+-------------------+-----
Spellcasting   | 5 |  5.5
Invocations    | 1 2 |  2.5
Fighting       | 1 2 |  2.3
Short Blades   | 1 2 |  2.3
Long Blades    | 1 2 |  2.3
Axes           | 1 2 |  2.3
Maces & Flails | 1 2 |  2.3
Polearms       | 1 2 |  2.3
Staves         | 1 2 |  2.3
Slings         | 1 2 |  2.3
Bows           | 1 2 |  2.3
Crossbows      | 1 2 |  2.3
Throwing       | 1 2 |  2.3
Armour         | 1 2 |  2.3
Shields        | 1 2 |  2.3
Unarmed Combat | 1 2 |  2.3
Evocations     | 1 2 |  2.3
Conjurations   | 1 |  1.8
Hexes          | 1 |  1.8
Charms         | 1 |  1.8
Summonings     | 1 |  1.8
Translocations | 1 |  1.8
Transmutations | 1 |  1.8
Fire Magic     | 1 |  1.8
Ice Magic      | 1 |  1.8
Air Magic      | 1 |  1.8
Earth Magic    | 1 |  1.8
Poison Magic   | 1 |  1.8
Dodging        | 5 |  5.1
Stealth        | |  4.8
Necromancy     | |  7.3

Action                   |  1- 3 |  4- 6 |  7- 9 || total
-------------------------+-------+-------+-------++-------
Melee: Dagger            |     3 |    43 |     5 ||    51
       Bite              |       |     2 |     1 ||     3
       Unarmed           |       |       |     6 ||     6
 Cast: Pain              |    48 |    72 |    11 ||   131
       Vampiric Draining |     1 |     4 |     2 ||     7
       Regeneration      |     1 |     3 |     1 ||     5
       Animate Skeleton  |       |     1 |     1 ||     2
       Control Undead    |       |     1 |       ||     1
  Use: Potion            |       |     1 |     1 ||     2
       Scroll            |       |     4 |     1 ||     5
 Stab: Sleeping          |     3 |     2 |       ||     5
  Eat: Chunk             |       |     2 |       ||     2
       Royal jelly       |       |     2 |       ||     2
Armor: Robe              |     1 |     2 |     2 ||     5
       Skin              |       |       |     6 ||     6
Dodge: Dodged            |    10 |    42 |     6 ||    58

Table legend:
 A = Spawn XP
 B = Non-spawn XP
 C = Spawn XP percentage of total XP
 D = Spawn monster count
 E = Non-spawn monster count
 F = Spawn count percentage of total count
 G = Total turns spent on level
                    A         B        C        D         E        F      G
               +---------+---------+-------+---------+---------+-------+---------
         Total |       0 |     748 |   0.0 |       0 |      81 |   0.0 |  2065
               +---------+---------+-------+---------+---------+-------+---------
           D:1 |       0 |      44 |   0.0 |       0 |      23 |   0.0 |   408
           D:2 |       0 |      64 |   0.0 |       0 |      14 |   0.0 |   359
           D:3 |       0 |      58 |   0.0 |       0 |      19 |   0.0 |   302
           D:4 |       0 |     181 |   0.0 |       0 |      11 |   0.0 |   261
           D:5 |       0 |      67 |   0.0 |       0 |       3 |   0.0 |   355
           D:6 |       0 |     306 |   0.0 |       0 |       7 |   0.0 |   203
           D:7 |       0 |      28 |   0.0 |       0 |       4 |   0.0 |    93
               +---------+---------+-------+---------+---------+-------+---------

Table legend:
 A = Turns spent in this place as a percentage of turns spent in the entire game.
 B = Non-inter-level travel turns spent in this place as a percentage of non-inter-level travel turns spent in the entire game.
 C = Inter-level travel turns spent in this place as a percentage of turns spent in this place.
 D = Turns resting spent in this place as a percentage of non-inter-level travel turns spent in this place.
 E = Turns spent auto-exploring this place as a percentage of non-inter-level travel turns spent in this place.
 F = Non-inter-level travel turns spent in this place divided by the number of levels of this place that you've seen.
                   A       B       C       D       E      F
               +-------+-------+-------+-------+-------+----------------------
         Total | 100.0 | 100.0 |   1.8 |   0.0 |   0.0 | 225.3
       Dungeon |  96.0 |  97.8 |   0.0 |   0.0 |   0.0 | 247.9
        Temple |   4.0 |   2.2 |  45.1 |   0.0 |   0.0 |  45.0
               +-------+-------+-------+-------+-------+----------------------

Table legend:
 A = Kills in this place as a percentage of kills in entire the game.
 B = Kills by you in this place as a percentage of kills by you in the entire game.
 C = Kills by friends in this place as a percentage of kills by friends in the entire game.
 D = Other kills in this place as a percentage of other kills in the entire game.
 E = Experience gained in this place as a percentage of experience gained in the entire game.
 F = Experience gained in this place divided by the number of levels of this place that you have seen.
                   A       B       C       D       E      F
               +-------+-------+-------+-------+-------+----------------------
         Total | 100.0 | 100.0 |   N/A |   N/A | 100.0 |  83.1
       Dungeon | 100.0 | 100.0 |   N/A |   N/A | 100.0 |  93.5
               +-------+-------+-------+-------+-------+----------------------

Vault maps used:
D:1:      lemuel_arrival_tunnels
D:2:      kennysheep_generic_room_12
D:3:      minmay_misc_feat_nine_boxes, minmay_misc_feat_pillars
D:4:      minmay_goblin_kobold_castle, first_bread, led_sif_pool
D:5:      minmay_temple_entry_nine_rooms, supply_closet_lemuel,
          cheibriados_altar_1
D:6:      lemuel_crystal_altar, serial_shops, shop, grunt_ministairs_15,
          kennysheep_generic_room_15
D:7:      serial_shops, nicolae_shop_temple_entry_statues_fountains,
          hangedman_decor_clover_reticule, uniq_pikel
D:8:      uniq_grum
Temple:   kilobyte_greek_temple
